Map: [TLMC15] Glittering Ashes

Players

Solar

  • Race: Zerg Zerg

Serral - Winner!

  • Race: Zerg Zerg

Event: StayAtHome Story Cup #4

VOD

Have the link to the VOD?

Description

Time

  • Played on: Oct. 24, 2021, 2:57 p.m.
  • Length: 10:27

All games in this series

Show
View Real Time Build Order
Export as new Build Order

Solar Zerg 

Build Orders: Hatch First 

Get SALT Encoding   

  12  0:00  Drone  
  13  0:12  Overlord  
  13  0:16  Drone  
  14  0:31  Drone x2  
  16  0:47  Hatchery  
  15  0:51  Drone  
  15  0:53  Drone  
  17  0:57  Drone  
  18  1:08  Extractor  
  17  1:13  Spawning Pool  
  17  1:15  Drone  
  17  1:18  Drone  
  18  1:27  Drone  
  19  1:38  Drone  
  20  1:50  Drone  
  21  1:59  Queen x2  
  21  2:00  Zergling x2  
  21  2:01  Overlord  
  26  2:09  Drone  
  26  2:11  Drone  
  26  2:12  Metabolic Boost  
  28  2:21  Drone  
  28  2:22  Drone  
  30  2:31  Zergling x2  
  30  2:35  Hatchery  
  30  2:38  Drone  
  31  2:46  Baneling Nest  
  31  2:48  Drone, Overlord  
  31  2:54  Drone x2  
  33  3:08  Drone x4  
  33  3:09  Zergling x4  
  39  3:13  Overlord  
  39  3:17  Drone x2  
  39  3:19  Zergling x2  
  42  3:29  Drone x2  
  44  3:39  Lair, Extractor  
  44  3:41  Drone x3  
  46  3:42  Zergling x4  
  46  3:44  Drone x2  
  46  3:46  Baneling  
  46  3:48  Drone  
  51  3:55  Evolution Chamber  
  50  3:59  Queen  
  53  4:02  Drone  
  53  4:07  Extractor  
  53  4:08  Overlord  
  53  4:09  Roach Warren, Drone x2  
  53  4:12  Zergling x2  
  54  4:17  Drone x2  
  54  4:18  Drone  
  54  4:20  Drone  
  54  4:22  Overlord  
  58  4:27  Zergling x8  
  62  4:33  Drone  
  62  4:36  Drone  
  62  4:37  Extractor  
  62  4:42  Drone, Spire  
  62  4:43  Drone x2  
  63  4:46  Drone  
  63  4:49  Drone  
  63  4:51  Overlord  
  66  4:52  Zergling x2  
  66  4:53  Zergling x2  
  66  4:55  Zergling x2  
  66  4:58  Zergling x4  
  65  5:00  Zergling x2  
  65  5:03  Overlord  
  66  5:07  Zergling x6  
  66  5:11  Zergling x2  
  66  5:12  Zergling x2  
  70  5:14  Zergling x2  
  70  5:15  Zergling x2  
  70  5:17  Overlord  
  70  5:21  Baneling x3  
  72  5:24  Overlord  
  72  5:25  Zergling x6  
  73  5:41  Zergling x2  
  71  5:54  Mutalisk x7  
  71  5:55  Mutalisk  
  71  5:57  Zergling x10  
  90  6:01  Extractor x2  
  90  6:04  Mutalisk  
  90  6:08  Overlord  
  90  6:11  Overlord  
  92  6:17  Mutalisk  
  94  6:20  Zergling x2  
  94  6:21  Zergling x6  
  94  6:25  Zergling x10  
  93  6:30  Mutalisk  
  81  6:37  Zergling x6  
  82  6:44  Mutalisk x2  
  85  6:47  Zergling x4  
  85  6:49  Zergling x4  
  87  6:58  Mutalisk  
  89  7:02  Zergling x2  
  89  7:03  Zergling x2  
  91  7:10  Mutalisk x2  
  94  7:18  Mutalisk  
  94  7:20  Zergling x12  
  99  7:29  Mutalisk  
  94  7:35  Mutalisk  
  94  7:40  Zergling x14  
  99  7:50  Mutalisk  
  99  7:51  Mutalisk  
  94  8:00  Zergling x2  
  94  8:03  Overlord  
  94  8:04  Hatchery  
  94  8:07  Mutalisk x2  
  94  8:09  Zergling x2  
  94  8:11  Overlord  
  99  8:18  Mutalisk  
  99  8:24  Drone  
  100  8:28  Zerg Flyer Weapons Level 1  
  100  8:29  Zergling x6  
  103  8:34  Overlord  
  103  8:38  Mutalisk  
  103  8:40  Zergling x4  
  106  8:44  Zergling x2, Extractor  
  106  8:45  Baneling  
  106  8:46  Baneling x5, Extractor  
  106  8:47  Zergling x4  
  107  8:49  Baneling  
  107  8:51  Zergling x6  
  110  9:06  Mutalisk x2  
  106  9:13  Zergling x10  
  106  9:22  Mutalisk x2  
  102  9:25  Zergling x6  
  102  9:27  Zergling x2  
  102  9:31  Mutalisk  
  106  9:36  Mutalisk  
  103  9:50  Mutalisk x2  
  99  9:54  Mutalisk  
  93  10:02  Mutalisk  
  93  10:03  Zergling x2  
  93  10:04  Zergling x10  
Show
View Real Time Build Order
Export as new Build Order

Serral Zerg - Winner!

Build Orders: Hatch First 

Get SALT Encoding   

  12  0:00  Drone  
  13  0:12  Overlord  
  13  0:17  Drone  
  14  0:30  Drone x2  
  16  0:47  Hatchery  
  15  0:51  Drone  
  15  0:54  Drone  
  17  0:58  Drone  
  18  1:08  Extractor  
  17  1:13  Spawning Pool  
  17  1:17  Drone  
  17  1:20  Drone  
  18  1:27  Drone  
  19  1:38  Drone  
  20  1:49  Drone  
  21  2:00  Queen x2  
  25  2:01  Zergling x2  
  25  2:02  Overlord  
  26  2:10  Drone  
  26  2:11  Drone  
  26  2:12  Metabolic Boost  
  28  2:21  Drone x2  
  30  2:32  Zergling x2  
  30  2:35  Hatchery  
  30  2:38  Drone  
  30  2:43  Baneling Nest  
  30  2:46  Drone  
  30  2:51  Overlord  
  31  2:54  Drone  
  31  2:55  Drone  
  33  3:03  Queen  
  35  3:10  Zergling x2  
  36  3:14  Drone  
  36  3:15  Drone x2  
  36  3:17  Overlord  
  36  3:18  Zergling x2  
  40  3:25  Zergling x6  
  43  3:27  Baneling  
  43  3:31  Drone  
  44  3:34  Evolution Chamber  
  44  3:35  Drone  
  44  3:39  Drone  
  45  3:43  Drone x3  
  45  3:47  Drone x3  
  51  3:52  Overlord  
  51  3:53  Drone  
  51  4:00  Zerg Missile Weapons Level 1  
  51  4:04  Zergling x2  
  51  4:05  Drone x2  
  51  4:07  Lair  
  54  4:13  Drone  
  54  4:14  Drone  
  56  4:20  Roach Warren, Zergling x4, Extractor  
  56  4:21  Extractor, Zergling x2  
  55  4:24  Baneling  
  55  4:26  Drone x3  
  58  4:31  Drone x3  
  58  4:35  Baneling, Overlord  
  58  4:38  Drone x2  
  63  4:45  Drone x2  
  63  4:56  Overlord  
  63  4:57  Zergling x4  
  63  4:59  Zergling x4  
  65  5:01  Queen x2  
  68  5:11  Nydus Network, Roach x2  
  71  5:16  Baneling x2  
  71  5:19  Extractor x2  
  71  5:21  Roach x4  
  77  5:23  Queen  
  77  5:26  Overlord  
  79  5:29  Overlord  
  79  5:48  Queen x2, Nydus Canal  
  82  5:52  Roach x3  
  88  5:59  Overlord x2, Queen  
  88  6:01  Roach x2  
  88  6:03  Overseer  
  94  6:12  Roach x2  
  100  6:18  Roach x2  
  100  6:19  Roach  
  100  6:20  Roach x2  
  100  6:23  Queen  
  100  6:24  Queen  
  112  6:30  Roach  
  107  6:35  Queen  
  107  6:39  Spore Crawler  
  104  6:40  Spore Crawler  
  104  6:43  Nydus Canal  
  104  6:45  Roach x2  
  107  6:52  Spore Crawler  
  96  6:54  Roach  
  96  6:59  Queen x2  
  100  7:06  Nydus Canal  
  100  7:10  Queen  
  100  7:13  Roach x3  
  104  7:20  Roach  
  104  7:22  Overlord x3  
  105  7:24  Roach x2  
  105  7:27  Roach  
  105  7:29  Roach  
  105  7:35  Queen, Roach  
  100  7:41  Queen  
  98  7:44  Nydus Canal  
  98  7:47  Glial Reconstitution  
  94  7:51  Spore Crawler  
  94  7:54  Queen  
  95  8:01  Roach x2  
  93  8:10  Queen  
  95  8:16  Queen  
  95  8:18  Roach x2  
  99  8:22  Spore Crawler  
  99  8:25  Nydus Canal  
  98  8:30  Queen  
  98  8:31  Spore Crawler x2  
  98  8:33  Spore Crawler  
  97  8:35  Spore Crawler  
  96  8:46  Queen  
  98  8:52  Queen  
  98  8:54  Nydus Canal  
  102  8:55  Roach  
  102  9:00  Roach x2  
  106  9:06  Queen  
  104  9:12  Nydus Canal  
  104  9:18  Roach  
  104  9:22  Queen, Roach x2  
  114  9:24  Roach  
  114  9:27  Nydus Canal  
  114  9:30  Roach  
  116  9:34  Roach  
  116  9:35  Roach  
  116  9:39  Queen  
  116  9:40  Roach  
  120  9:47  Roach  
  120  9:49  Ravager  
  119  9:53  Roach  
  120  10:02  Roach  
  122  10:09  Nydus Canal  
Tags
 
Add a new tag
Caveats
  • Supply blocks, unpowered buildings, or Contaminate may cause inaccurate times.
  • Supply counts are checked every 10 seconds.